 Dungeon Crawl Stone Soup version 0.30-a0-756-gc2185399d4 (webtiles) character file.

Game seed: 7955598137302302486

3185 Dirtsage the Carver (level 9, -1/108 HPs)
             Began as a Merfolk Gladiator on Feb 9, 2023.
             Was a Follower of Wu Jian.
             Slain by mopl's ghost (10 damage)
             ... on level 7 of the Dungeon.
             The game lasted 00:17:40 (6574 turns).

Dirtsage the Carver (Merfolk Gladiator)             Turns: 6574, Time: 00:17:41

Health: -1/108     AC: 28    Str: 15 (17) XL:     9   Next: 95%
Magic:  9/9        EV:  2    Int:  8 (10) God:    Wu Jian [*.....]
Gold:   401        SH:  0    Dex: 17 (18) Spells: 8/8 levels left

rFire   . . .      SeeInvis .    Q - +1 scimitar
rCold   . . .      Faith    +    (no shield)
rNeg    . . .      Spirit   .    (body armour currently unavailable)
rPois   +          Reflect  .    (helmet currently unavailable)
rElec   .          Harm     .    (cloak currently unavailable)
rCorr   .          Rampage  .    (gloves currently unavailable)
Will    .....      NoTele   +    (boots currently unavailable)
Stlth   ++                       B - amulet of faith
HPRegen 0.38/turn                l - +5 ring of evasion
MPRegen 0.11/turn                x - +4 ring of protection

@: tree-form, attractive
A: stationary, stasis, torment immunity, boosted hp, (nimble swimmer 2),
(mertail), clever 1, strong 1
a: Renounce Religion


You were on level 7 of the Dungeon.
You worshipped Wu Jian.
Wu Jian was aware of your devotion.
You were a tree.
You visited 2 branches of the dungeon, and saw 8 of its levels.
You also visited: Sewer.

You collected 401 gold pieces.

Inventory:

Hand Weapons
 a - a +0 long sword
 Q - a +1 scimitar (weapon)
Missiles
 d - 3 throwing nets (quivered)
 e - a javelin
Armour
 b - a +0 leather armour
 c - a +0 helmet (melded)
 g - a +0 ring mail
 L - +0 swamp dragon scales (melded)
 M - a scarf of shadows
Jewellery
 l - a +5 ring of evasion (left branch)
 o - a ring of willpower
 x - a +4 ring of protection (right branch)
 B - an amulet of faith (around neck)
 I - a ring of protection from cold
 J - a +6 ring of dexterity
 O - the ring of Greed {rF+ Str+6}
   (You found it on level 7 of the Dungeon)

   [ring of strength]

   Str:       It affects your strength (+6).
   rF:        It protects you from fire.
Wands
 y - a wand of flame (14)
 C - a wand of roots (14)
 F - a wand of mindburst (11)
Scrolls
 f - 2 scrolls of fear {unknown}
 h - a scroll of brand weapon {unknown}
 i - 3 scrolls of vulnerability {unknown}
 j - 4 scrolls of teleportation {unknown}
 k - 2 scrolls of amnesia {unknown}
 p - 4 scrolls of identify {unknown}
 s - 2 scrolls of immolation {unknown}
 u - 2 scrolls of blinking {unknown}
 v - a scroll of butterflies {unknown}
 w - 2 scrolls of enchant weapon {unknown}
 E - a scroll of noise {unknown}
 H - a scroll of silence {unknown}
 N - a scroll of poison {unknown}
Potions
 m - a potion of haste {unknown}
 n - a potion of brilliance {unknown}
 q - 2 potions of curing
 r - 2 potions of degeneration
 t - 3 potions of mutation
 z - a potion of attraction
 A - a potion of lignification
 D - a potion of heal wounds {unknown}
 G - a potion of might {unknown}
 K - 2 potions of flight
 P - a potion of invisibility {unknown}


   Skills:
 + Level 7.2 Fighting
 + Level 12.7 Long Blades
 - Level 2.0 Throwing
 + Level 9.1 Dodging


You had 8 spell levels left.
You didn't know any spells.
Your spell library contained the following spells:

 Spells                   Type           Power      Damage    Failure   Level
 Magic Dart               Conj           0%         1d3       41%         1
 Necrotise                Necr           0%         1d4       41%         1
 Ensorcelled Hibernation  Hex/Ice        0%         N/A       54%         2
 Passwall                 Tmut/Erth      0%         N/A       54%         2
 Searing Ray              Conj           0%         2d4       54%         2
 Gell's Gravitas          Tloc           0%         N/A       78%         3
 Swiftness                Air            0%         N/A       78%         3
 Teleport Other           Tloc           0%         N/A       78%         3
 Vampiric Draining        Necr           0%         2d6       78%         3
 Fulminant Prism          Conj/Hex       0%         3d5       99%         4
 Agony                    Necr           0%         N/A       100%        5
 Dispersal                Tloc           0%         N/A       100%        6


Dungeon Overview and Level Annotations

Branches:
Dungeon (7/15)             Temple (1/1) D:5           Sewer (visited)

Altars:
Ashenzari
Cheibriados
Dithmenos
Gozag
Hepliaklqana
Makhleb
Nemelex Xobeh
Okawaru
Qazlal
Sif Muna
Trog
Uskayaw
Vehumet
Wu Jian
Xom
Zin
The Shining One

Shops:
D:2 :(*

Annotations:
D:7 1 runed translucent door, Crazy Yiuf; mopl's ghost, novice DjTm


Innate Abilities, Weirdness & Mutations

You are a tree.
Your roots penetrate the ground, keeping you stationary.
You cannot be teleported.
You are immune to unholy pain and torment.
Your maximum health is greatly increased.
Your equipment is partially melded.
((You are very nimble when in or above water. (Stealth+, EV+, Speed+++)))
((Your lower body shifts to a powerful aquatic tail in water.))
Your mind is acute. (Int +4, Str/Dex -1)
Your muscles are strong. (Str +4, Int/Dex -1)


Message History

Mopl's ghost is lightly damaged.
Mopl's ghost casts a spell at you.
You fall asleep.
Mopl's ghost hits you but does no damage.
Mopl's ghost hits you!!
You wake up.
You take 25 damage, and have 35/72 hp.
MASSIVE DAMAGE!!
You closely miss mopl's ghost. Mopl's ghost closely misses you.
You hit mopl's ghost.
Mopl's ghost is lightly damaged.
You hit mopl's ghost but do no damage.
Mopl's ghost is lightly damaged.
Mopl's ghost barely misses you.
You completely miss mopl's ghost.
Mopl's ghost is lightly damaged.
Mopl's ghost hits you.
You take 3 damage, and have 33/72 hp.
It was a potion of mutation.
You feel extremely strange.
You feel frail.
You feel stronger.
You feel clever.
You feel robust.
Mopl's ghost hits you but does no damage.
It was a potion of flight.
You feel very buoyant.
You fly up into the air.
Mopl's ghost hits you but does no damage.
You hit mopl's ghost.
Mopl's ghost is lightly damaged.
Mopl's ghost gestures at you while chanting.
You fall asleep.
Mopl's ghost hits you!!
You wake up.
* * * LOW HITPOINT WARNING * * *
You take 17 damage, and have 16/72 hp.
MASSIVE DAMAGE!!
It was a potion of attraction.
You feel attractive to monsters. Mopl's ghost hits you!
* * * LOW HITPOINT WARNING * * *
You take 11 damage, and have 5/72 hp.
It was a potion of lignification.
You turn into a tree.
Your +0 helmet melds into your body.
Your +0 swamp dragon scales melds into your body.
Your roots penetrate the ground.
Mopl's ghost hits you!
You die...

.#......###.........#
.#......##..)##....##
........#..........###
...............)...#.###
##.............).).....###
##.............).........##
###'###....#>.............##
...#..#....##..............#
...#..#....#....♣..........###
###+..+...)#...#W#.....##>...#
.+.#..#.......##.##..........#
.#.#..#......##...##........##
.#.+##'.....##.....##.....###
.#.#..###...#⌠.?♣!.⌠#..)....##
.'.#..###...##..?..##...#....#
###'..'......##...##...###.###
...#..#.......##⌠##...## ###


You could see mopl's ghost.

Vanquished Creatures
  Maggie (D:6)
  Menkaure (D:6)
  The ghost of derval the Caller, an amateur OpSu (D:3)
  A sky beast (D:7)
  An orc warrior (D:6)
  2 ice beasts
  A black bear (D:4)
  An ogre (D:5)
  2 centaurs
  A phantom (D:5)
  5 kobold brigands (Sewer)
  7 scorpions
  A necrophage (D:4)
  4 wights (D:7)
  3 killer bees (D:7)
  2 hounds
  A jelly (D:6)
  A gnoll bouda (D:7)
  5 orc priests
  Jessica (D:2)
  2 iguanas
  Ijyb (D:3)
  3 orc wizards (D:6)
  4 gnolls (D:7)
  3 river rats (Sewer)
  10 adders
  2 white imps
  An ufetubus (D:5)
  7 worms
  5 dart slugs
  19 orcs
  10 ball pythons
  7 endoplasms
  9 giant cockroaches
  5 hobgoblins
  13 kobolds
  5 quokkas
  5 bats
  3 frilled lizards
  4 goblins
  6 rats
166 creatures vanquished.

Vanquished Creatures (others)
  3 plants (D:4)
3 creatures vanquished.

Grand Total: 169 creatures vanquished

Notes
Turn   | Place    | Note
-------+----------+-------------------------------------------
     0 | D:1      | Dirtsage the Merfolk Gladiator began the quest for the Orb.
     0 | D:1      | Reached XP level 1. HP: 16/16 MP: 1/1
   139 | D:1      | Reached skill level 4 in Long Blades
   158 | D:1      | Reached XP level 2. HP: 18/22 MP: 2/2
   814 | D:2      | Found Cixees's Book Shop.
   915 | D:2      | Noticed Jessica
   921 | D:2      | Killed Jessica
   922 | D:2      | Reached skill level 5 in Long Blades
   922 | D:2      | Reached XP level 3. HP: 27/27 MP: 3/3
   971 | D:2      | Found Tiev Lextub's Weapon Shoppe.
  1020 | D:2      | Reached XP level 4. HP: 24/33 MP: 4/4
  1072 | D:2      | Found Vedir's Assorted Antiques.
  1536 | D:3      | Reached skill level 6 in Long Blades
  1562 | D:3      | Noticed derval's ghost (amateur OpSu)
  1565 | D:3      | Found a transporter.
  1579 | D:3      | Found a glowing drain.
  1596 | Sewer    | Entered a sewer
  1663 | Sewer    | Noticed a kobold brigand
  1685 | Sewer    | Killed a kobold brigand
  1686 | Sewer    | Reached skill level 7 in Long Blades
  1686 | Sewer    | Reached XP level 5. HP: 38/38 MP: 5/5
  1974 | Sewer    | Noticed a kobold brigand
  1989 | Sewer    | Killed a kobold brigand
  1990 | Sewer    | Reached skill level 8 in Long Blades
  1990 | Sewer    | Reached XP level 6. HP: 37/44 MP: 6/6
  2258 | Sewer    | Reached skill level 9 in Long Blades
  2306 | Sewer    | Reached XP level 7. HP: 50/50 MP: 7/7
  2438 | D:3      | Reached skill level 10 in Long Blades
  2549 | D:3      | Noticed Ijyb
  2599 | D:3      | Killed Ijyb
  2806 | D:3      | Found a stormy altar of Qazlal.
  2884 | D:3      | Found a transporter.
  3012 | D:3      | Killed derval's ghost
  3137 | D:4      | Found a radiant altar of Vehumet.
  3166 | D:4      | Reached XP level 8. HP: 47/58 MP: 8/8
  3429 | D:4      | Reached skill level 5 in Dodging
  3647 | D:5      | Entered Level 5 of the Dungeon
  3815 | D:5      | Reached skill level 11 in Long Blades
  4059 | D:5      | Found a staircase to the Ecumenical Temple.
  4071 | Temple   | Entered the Ecumenical Temple
  4207 | Temple   | Became a worshipper of the Wu Jian Council
  4249 | D:5      | Identified the +1 chain mail of Wofa {Harm Regen+ Str+5
                  | Slay-4}
  4630 | D:6      | Noticed Menkaure
  4636 | D:6      | Killed Menkaure
  4637 | D:6      | Reached skill level 5 in Fighting
  4651 | D:6      | Reached XP level 9. HP: 68/68 MP: 9/9
  4869 | D:6      | Noticed Maggie
  4881 | D:6      | Killed Maggie
  4882 | D:6      | Reached skill level 12 in Long Blades
  5116 | D:6      | Found a sparkling altar of Nemelex Xobeh.
  5251 | D:6      | Reached * piety under Wu Jian
  5339 | D:6      | Found a hazy altar of Hepliaklqana.
  5674 | D:7      | Found an opulent altar of Gozag.
  5690 | D:7      | Identified the ring of Greed {rF+ Str+6}
  6137 | D:7      | Found a burning altar of Makhleb.
  6188 | D:7      | Found a runed translucent door.
  6189 | D:7      | Noticed mopl's ghost (novice DjTm)
  6324 | D:7      | Found a runed translucent door.
  6325 | D:7      | Noticed Crazy Yiuf
  6569 | D:7      | Gained mutation: You are frail. (-10% HP) [potion of
                  | mutation]
  6569 | D:7      | Gained mutation: Your muscles are strong. (Str +4, Int/Dex
                  | -1) [potion of mutation]
  6569 | D:7      | Gained mutation: Your mind is acute. (Int +4, Str/Dex -1)
                  | [potion of mutation]
  6569 | D:7      | Lost mutation: You are frail. (-10% HP) [potion of
                  | mutation]
  6574 | D:7      | Slain by mopl's ghost

Illustrated notes

Levels and vault maps discovered:
D:1:      spicycebolla_arrival_xxxplode, layout_basic,
          chequers_serial_rivers_micro_b
D:2:      layout_basic, serial_shops, nicolae_shop_crystal,
          nicolae_diamond_shop, shop, uniq_jessica
D:3:      layout_rooms, old_standard_altar, gammafunk_ghost_arena,
          portal_sewer_entry_f, uniq_ijyb
D:4:      cheibrodos_old_hovel, layout_rooms, nicolae_vehumet_altar_sigil
D:5:      layout_loops_ring, minmay_temple_entry_drinking_statues
D:6:      layout_cave_pods, chequers_temple_overflow_statue_of_worship,
          minivault_27, uniq_maggie, uniq_menkaure
D:7:      layout_cave_pools, mainiacjoe_overflow_24_doors,
          mainiacjoe_overflow_small_starburst, hellmonk_ghost_happy_afterlife,
          uniq_crazy_yiuf_cottage
Temple:   minmay_temple_curvy_loop

Skill      XL: |  1  2  3  4  5  6  7  8  9 |
---------------+----------------------------+-----
Long Blades    | 4 5 7 8 9 10 11 12 | 12.7
Fighting       | 3 5 7 |  7.2
Dodging        | 7 9 |  9.1
Throwing       | |  2.0

Action                     |  1- 3 |  4- 6 |  7- 9 || total
---------------------------+-------+-------+-------++-------
  Melee: Long sword        |    52 |   119 |   455 ||   626
         Punch             |     1 |     1 |     7 ||     9
         Tailslap          |       |    14 |       ||    14
         Scimitar          |       |       |    29 ||    29
  Throw: Throwing net      |       |       |     1 ||     1
Ability: Lunge             |       |       |    11 ||    11
         Whirlwind         |       |       |    42 ||    42
  Evoke: Wand              |       |       |     3 ||     3
    Use: Potion            |       |     1 |     6 ||     7
   Stab: Sleeping          |       |     2 |       ||     2
         Distracted        |       |     1 |       ||     1
 Armour: Leather armour    |     1 |       |       ||     1
         Ring mail         |     9 |    14 |    69 ||    92
         Swamp dragon scal |       |       |    37 ||    37
  Dodge: Dodged            |    37 |    61 |   405 ||   503

Table legend: (Time is in decaauts)
 A = Elapsed time spent in this place.
 B = Non-inter-level travel time spent in this place.
 C = Inter-level travel time spent in this place.
 D = Time resting spent in this place.
 E = Time spent auto-exploring this place.
 F = Levels seen in this place.
 G = Mean time per level.
                   A        B        C        D        E       F      G
               +--------+--------+--------+--------+--------+-----+--------+
         Total |   6369 |   6161 |    208 |    421 |   4377 |   9 |  707.7 |
       Dungeon |   5607 |   5409 |    198 |    421 |   3844 |   7 |  801.0 |
        Temple |    146 |    136 |     10 |      0 |    126 |   1 |  146.0 |
         Sewer |    615 |    615 |      0 |      0 |    406 |   1 |  615.0 |
               +--------+--------+--------+--------+--------+-----+--------+

Top non-repeatable levels by time:
     D:6: 1249 daAuts
     D:3: 816 daAuts
     D:1: 785 daAuts
     D:5: 767 daAuts
     D:7: 720 daAuts
     D:2: 715 daAuts
   Sewer: 615 daAuts
     D:4: 552 daAuts
  Temple: 146 daAuts
